HS
WOODSTOCK HS WOODPECKERS @ JEFFERSON CITY HS JAGUARS
04/08/2060
 
TOP OF THE 1ST
Woodstock HS Woodpeckers batting - Pitching for Jefferson City HS Jaguars : RHP Connor Davis
Pitching: RHP Connor Davis
Batting: RHB Ty Dempsey 0-0: Foul Ball, location: 2F
0-1: Ball
1-1: Foul Ball, location: 2F
1-2: Ball
2-2: Ball
3-2: Foul Ball, location: 2F
3-2: SINGLE (Groundball, 25, EV 67.5 MPH) (infield hit)
Batting: RHB Jules Vaughn 0-0: Ball
1-0: Ball
Ty Dempsey is caught stealing 2nd base 2-4
2-0: Called Strike
2-1: Ball
3-1: Called Strike
3-2: Foul Ball, location: 2F
3-2: Fly out, F9 (Flyball, 89S, EV 85.6 MPH)
Batting: RHB Garrett Ross 0-0: Called Strike
0-1: Ball
1-1: Called Strike
1-2: Ball
2-2: Ball
3-2: Foul Ball, location: 2F
3-2: Base on Balls
Batting: LHB Steven Friend 0-0: Fly out, F7 (Flyball, 7, EV 87.5 MPH)
Top of the 1st over - 0 runs, 1 hit, 0 errors, 1 left on base; Woodstock HS 0 - Jefferson City HS 0
BOTTOM OF THE 1ST
Jefferson City HS Jaguars batting - Pitching for Woodstock HS Woodpeckers : RHP Nicolas Sobczak
Pitching: RHP Nicolas Sobczak
Batting: LHB Jakob Stewart 0-0: Foul Ball, location: 2F
0-1: Swinging Strike
0-2: Foul Ball, location: 2F
0-2: Ball
1-2: Fly out, F9 (Flyball, 9, EV 88.1 MPH)
Batting: RHB E.J. Compton 0-0: Called Strike
0-1: Ball
1-1: Ball
2-1: Swinging Strike
2-2: Ground out 6-3 (Groundball, 6, EV 83.8 MPH)
Batting: LHB Joey Trinidad 0-0: Ball
1-0: Reached via error on a dropped throw from 1B, E1 (Groundball, 34S, EV 70.6 MPH)
Batting: RHB Dawson Overton 0-0: Foul Ball, location: 2F
0-1: Ball
1-1: SINGLE (Flyball, 8RS, EV 90.0 MPH)
Joey Trinidad to second
Runner from 2nd tries for 3rd, SAFE, throw by CF made to third
Batting: RHB Jeffrey Witherspoon 0-0: Called Strike
0-1: Ball
1-1: Ground out 5-3 (Groundball, 56S, EV 85.0 MPH)
Bottom of the 1st over - 0 runs, 1 hit, 1 error, 2 left on base; Woodstock HS 0 - Jefferson City HS 0
TOP OF THE 2ND
Woodstock HS Woodpeckers batting - Pitching for Jefferson City HS Jaguars : RHP Connor Davis
Batting: RHB Moses Everhart 0-0: Swinging Strike
0-1: Swinging Strike
0-2: Foul Ball, location: 2F
0-2: Strikes out looking
Batting: LHB Gavin Pohl 0-0: Ground out 4-3 (Groundball, 4S, EV 79.4 MPH)
Batting: RHB Daemon Sherrow 0-0: Ball
1-0: Foul Ball, location: 2F
1-1: Ball
2-1: Ground out 3-1 (Groundball, 34S, EV 74.4 MPH)
Top of the 2nd over - 0 runs, 0 hits, 0 errors, 0 left on base; Woodstock HS 0 - Jefferson City HS 0
BOTTOM OF THE 2ND
Jefferson City HS Jaguars batting - Pitching for Woodstock HS Woodpeckers : RHP Nicolas Sobczak
Batting: LHB Carter Saddler 0-0: Fly out, F8 (Line Drive, 8RD, EV 96.2 MPH)
Batting: RHB Parker Benedetto 0-0: Foul Ball, location: 2F
0-1: Ball
1-1: Foul Ball, location: 2F
1-2: Foul Ball, location: 2F
1-2: Foul Ball, location: 2F
1-2: Fly out, F9 (Line Drive, 89M, EV 84.4 MPH)
Batting: RHB Jaime Klutts 0-0: Swinging Strike
0-1: Foul Ball, location: 2F
0-2: Ball
1-2: Ball
2-2: SOLO HOME RUN (Flyball, 7LD, EV 98.8 MPH), Distance : 353 ft
Batting: RHB Cole Shirah 0-0: DOUBLE (Line Drive, 78M, EV 93.1 MPH)
Batting: LHB Jakob Stewart 0-0: Swinging Strike
0-1: Ball
1-1: Swinging Strike
1-2: Strikes out looking
Bottom of the 2nd over - 1 run, 2 hits, 0 errors, 1 left on base; Woodstock HS 0 - Jefferson City HS 1
TOP OF THE 3RD
Woodstock HS Woodpeckers batting - Pitching for Jefferson City HS Jaguars : RHP Connor Davis
Batting: RHB Mitchell Cook 0-0: Called Strike
0-1: Ball
1-1: Called Strike
1-2: Foul Ball, location: 2F
1-2: Ball
2-2: Foul Ball, location: 2F
2-2: Ground out 5-3 (Groundball, 56, EV 103.1 MPH)
Batting: RHB Justin Taulbee 0-0: Called Strike
0-1: Ball
1-1: Swinging Strike
1-2: Ball
2-2: Ball
3-2: Base on Balls
Batting: RHB Ty Dempsey 0-0: Called Strike
Justin Taulbee steals 2nd, throwing error, E2
Justin Taulbee to third
0-1: Ball
1-1: Fly out, F9 (Flyball, 89S, EV 93.1 MPH)
Batting: RHB Jules Vaughn 0-0: Ball
1-0: Called Strike
1-1: Swinging Strike
1-2: Ball
Wild Pitch!
Justin Taulbee scores
2-2: Ball
3-2: Foul Ball, location: 2F
3-2: Ground out 4-3 (Groundball, 4, EV 103.8 MPH)
Top of the 3rd over - 1 run, 0 hits, 1 error, 0 left on base; Woodstock HS 1 - Jefferson City HS 1
BOTTOM OF THE 3RD
Jefferson City HS Jaguars batting - Pitching for Woodstock HS Woodpeckers : RHP Nicolas Sobczak
Batting: RHB E.J. Compton 0-0: Swinging Strike
0-1: Ball
1-1: Foul Ball, location: 2F
1-2: Fly out, F4 (Popup, 4MD, EV 48.8 MPH)
Batting: LHB Joey Trinidad 0-0: Ball
1-0: Ball
2-0: Called Strike
2-1: Swinging Strike
2-2: Strikes out looking
Batting: RHB Dawson Overton 0-0: Ball
1-0: Called Strike
1-1: Called Strike
1-2: Ground out 2-3 (Groundball, 2R, EV 71.9 MPH)
Bottom of the 3rd over - 0 runs, 0 hits, 0 errors, 0 left on base; Woodstock HS 1 - Jefferson City HS 1
TOP OF THE 4TH
Woodstock HS Woodpeckers batting - Pitching for Jefferson City HS Jaguars : RHP Connor Davis
Batting: RHB Garrett Ross 0-0: Called Strike
0-1: Ball
1-1: SOLO HOME RUN (Flyball, 9D, EV 100.6 MPH), Distance : 397 ft
Batting: LHB Steven Friend 0-0: Called Strike
0-1: Swinging Strike
0-2: Ball
1-2: Ball
2-2: Ball
3-2: SOLO HOME RUN (Flyball, 89XD, EV 115.6 MPH), Distance : 463 ft
Batting: RHB Moses Everhart 0-0: Ball
1-0: Ball
2-0: Called Strike
2-1: Reached on error, E5 (Groundball, 5S, EV 75.0 MPH)
Batting: LHB Gavin Pohl 0-0: Ball
1-0: Ground out 6-3 (Groundball, 6, EV 88.8 MPH)
Moses Everhart to third
Batting: RHB Daemon Sherrow 0-0: Ball
1-0: Foul Ball, location: 2F
1-1: Ball
2-1: Fly out, F8 (Line Drive, 8LM, EV 96.9 MPH)
Runner from 3rd tags up, SCORES, throw by CF
Batting: RHB Mitchell Cook 0-0: Ball
1-0: Foul Ball, location: 2F
1-1: Ball
2-1: Fly out, F7 (Flyball, 78S, EV 79.4 MPH)
Top of the 4th over - 3 runs, 2 hits, 1 error, 0 left on base; Woodstock HS 4 - Jefferson City HS 1
BOTTOM OF THE 4TH
Jefferson City HS Jaguars batting - Pitching for Woodstock HS Woodpeckers : RHP Nicolas Sobczak
Batting: RHB Jeffrey Witherspoon 0-0: Called Strike
0-1: Ball
1-1: Called Strike
1-2: Ball
2-2: Ground out 6-3 (Groundball, 6, EV 101.9 MPH)
Batting: LHB Carter Saddler 0-0: Foul Ball, location: 2F
0-1: Ball
1-1: Fly out, F7 (Flyball, 78M, EV 88.1 MPH)
Batting: RHB Parker Benedetto 0-0: Ball
1-0: DOUBLE (Line Drive, 7LM, EV 97.5 MPH)
Batting: RHB Jaime Klutts 0-0: Ball
1-0: Foul Ball, location: 2F
1-1: Ball
2-1: Fly out, F8 (Flyball, 8LD, EV 91.2 MPH)
Bottom of the 4th over - 0 runs, 1 hit, 0 errors, 1 left on base; Woodstock HS 4 - Jefferson City HS 1
TOP OF THE 5TH
Woodstock HS Woodpeckers batting - Pitching for Jefferson City HS Jaguars : RHP Connor Davis
Pitching: RHP Collin Parkinson
Batting: RHB Justin Taulbee 0-0: Ball
1-0: Ball
2-0: Ball
3-0: Called Strike
3-1: Called Strike
3-2: Ground out 6-3 (Groundball, 6, EV 89.4 MPH)
Batting: RHB Ty Dempsey 0-0: Ball
1-0: Foul Ball, location: 2F
1-1: Foul Ball, location: 2F
1-2: Foul Ball, location: 2F
1-2: SINGLE (Line Drive, 7S, EV 108.8 MPH)
Batting: RHB Jules Vaughn 0-0: Ball
1-0: Called Strike
1-1: Ball
2-1: Ball
3-1: Base on Balls
Ty Dempsey to second
Batting: RHB Garrett Ross 0-0: Ball
1-0: Swinging Strike
1-1: Called Strike
1-2: Ball
2-2: Strikes out swinging
Batting: LHB Steven Friend 0-0: Ball
1-0: Ball
2-0: Foul Ball, location: 2F
2-1: Ball
3-1: Foul Ball, location: 2F
3-2: Foul Ball, location: 2F
3-2: Base on Balls
Ty Dempsey to third
Jules Vaughn to second
Batting: RHB Moses Everhart 0-0: Swinging Strike
0-1: Ball
1-1: Foul Ball, location: 2F
1-2: TRIPLE (Flyball, 9LD, EV 100.6 MPH)
Ty Dempsey scores
Jules Vaughn scores
Steven Friend scores
Pitching: LHP Ty Fiddler
Batting: LHB Gavin Pohl 0-0: Ball
1-0: Ball
2-0: Called Strike
2-1: Foul Ball, location: 2F
2-2: Foul Ball, location: 2F
2-2: Foul Ball, location: 2F
2-2: Strikes out swinging
Top of the 5th over - 3 runs, 2 hits, 0 errors, 1 left on base; Woodstock HS 7 - Jefferson City HS 1
BOTTOM OF THE 5TH
Jefferson City HS Jaguars batting - Pitching for Woodstock HS Woodpeckers : RHP Nicolas Sobczak
Batting: RHB Cole Shirah 0-0: Foul Ball, location: 2F
0-1: Ball
1-1: Fly out, F9 (Flyball, 89M, EV 89.4 MPH)
Batting: LHB Jakob Stewart 0-0: Ball
1-0: Ball
2-0: Ball
3-0: Called Strike
3-1: Base on Balls
Batting: RHB E.J. Compton 0-0: Foul Ball, location: 2F
0-1: Swinging Strike
0-2: Ball
1-2: Grounds into double play, 6-4-3 (Groundball, 6, EV 79.4 MPH)
Bottom of the 5th over - 0 runs, 0 hits, 0 errors, 0 left on base; Woodstock HS 7 - Jefferson City HS 1
TOP OF THE 6TH
Woodstock HS Woodpeckers batting - Pitching for Jefferson City HS Jaguars : LHP Ty Fiddler
Batting: RHB Daemon Sherrow 0-0: Ball
1-0: Fly out, F8 (Flyball, 8RD, EV 73.8 MPH)
Batting: RHB Mitchell Cook 0-0: Called Strike
0-1: Ball
1-1: Swinging Strike
1-2: Ball
2-2: Ball
3-2: Base on Balls
Batting: RHB Justin Taulbee 0-0: Called Strike
0-1: Ball
1-1: Swinging Strike
1-2: Strikes out swinging
Batting: RHB Ty Dempsey 0-0: Foul Ball, location: 2F
0-1: Swinging Strike
0-2: Ball
1-2: Ball
2-2: Ball
3-2: Base on Balls
Mitchell Cook to second
Batting: RHB Jules Vaughn 0-0: Called Strike
0-1: Ball
1-1: Ball
2-1: Ball
3-1: SINGLE (Groundball, 4MD, EV 97.5 MPH)
Mitchell Cook to third
Ty Dempsey to second
Runner from 3rd tries for Home, SAFE, throw by CF to home
Batting: RHB Garrett Ross 0-0: Ball
1-0: Called Strike
1-1: Fly out, F8 (Flyball, 8RXD, EV 89.4 MPH)
Top of the 6th over - 1 run, 1 hit, 0 errors, 2 left on base; Woodstock HS 8 - Jefferson City HS 1
BOTTOM OF THE 6TH
Jefferson City HS Jaguars batting - Pitching for Woodstock HS Woodpeckers : RHP Nicolas Sobczak
Batting: LHB Joey Trinidad 0-0: Ball
1-0: Ball
2-0: Ground out 4-3 (Groundball, 4, EV 93.1 MPH)
Batting: RHB Dawson Overton 0-0: Ball
1-0: Fly out, F9 (Flyball, 9LM, EV 88.8 MPH)
Batting: RHB Jeffrey Witherspoon 0-0: Swinging Strike
0-1: Foul Ball, location: 2F
0-2: Ball
1-2: Foul Ball, location: 2F
1-2: DOUBLE (Flyball, 89XD, EV 93.1 MPH)
Pitching: LHP Axel Weiss
Batting: LHB Carter Saddler 0-0: Called Strike
0-1: Foul Ball, location: 2F
0-2: Foul Ball, location: 2F
0-2: Ball
1-2: SINGLE (Flyball, 3D, EV 88.1 MPH)
Jeffrey Witherspoon to third
Batting: RHB Parker Benedetto 0-0: Called Strike
0-1: SINGLE (Line Drive, 56D, EV 110.0 MPH)
Jeffrey Witherspoon scores
Carter Saddler to second
Batting: RHB Jaime Klutts 0-0: Ball
1-0: Ball
2-0: Fielders Choice at 2nd, U4 (Groundball, 4M, EV 84.4 MPH)
Bottom of the 6th over - 1 run, 3 hits, 0 errors, 2 left on base; Woodstock HS 8 - Jefferson City HS 2
TOP OF THE 7TH
Woodstock HS Woodpeckers batting - Pitching for Jefferson City HS Jaguars : LHP Ty Fiddler
Batting: LHB Steven Friend 0-0: Called Strike
0-1: Ball
1-1: Ball
2-1: Fly out, F4 (Popup, 4MD, EV 68.8 MPH)
Batting: RHB Moses Everhart 0-0: Fly out, F8 (Line Drive, 8RM, EV 93.8 MPH)
Batting: LHB Gavin Pohl 0-0: Fly out, F7 (Flyball, 7, EV 86.2 MPH)
Top of the 7th over - 0 runs, 0 hits, 0 errors, 0 left on base; Woodstock HS 8 - Jefferson City HS 2
BOTTOM OF THE 7TH
Jefferson City HS Jaguars batting - Pitching for Woodstock HS Woodpeckers : LHP Axel Weiss
Batting: RHB Cole Shirah 0-0: Called Strike
0-1: Foul Ball, location: 2F
0-2: Ball
1-2: Strikes out swinging
Batting: LHB Jakob Stewart 0-0: Ball
1-0: Called Strike
1-1: Ground out U3 (Groundball, 3L, EV 108.8 MPH)
Batting: RHB E.J. Compton 0-0: Called Strike
0-1: Ball
1-1: Ball
2-1: Called Strike
2-2: Strikes out swinging
Bottom of the 7th over - 0 runs, 0 hits, 0 errors, 0 left on base; Woodstock HS 8 - Jefferson City HS 2
TOP OF THE 8TH
Woodstock HS Woodpeckers batting - Pitching for Jefferson City HS Jaguars : LHP Ty Fiddler
Batting: RHB Daemon Sherrow 0-0: Fly out, F3 (Line Drive, 3L, EV 64.4 MPH)
Batting: RHB Mitchell Cook 0-0: Ball
1-0: Foul Ball, location: 2F
1-1: Fly out, F9 (Flyball, 9S, EV 78.8 MPH)
Batting: RHB Justin Taulbee 0-0: Ball
1-0: Foul Ball, location: 2F
1-1: Called Strike
1-2: Fly out, F4 (Popup, 34S, EV 77.5 MPH)
Top of the 8th over - 0 runs, 0 hits, 0 errors, 0 left on base; Woodstock HS 8 - Jefferson City HS 2
BOTTOM OF THE 8TH
Jefferson City HS Jaguars batting - Pitching for Woodstock HS Woodpeckers : LHP Axel Weiss
Batting: LHB Joey Trinidad 0-0: Called Strike
0-1: SINGLE (Line Drive, 8RS, EV 90.6 MPH)
Batting: RHB Dawson Overton 0-0: Ball
1-0: Ball
2-0: Foul Ball, location: 2F
2-1: Foul Ball, location: 2F
2-2: DOUBLE (Line Drive, 89D, EV 104.4 MPH)
Joey Trinidad to third
Pinch Hitting: SHB Kayden Kartodirdjo 0-0: Ball
1-0: Ball
2-0: Foul Ball, location: 2F
2-1: Ball
3-1: Base on Balls
Pitching: RHP Parker Larson
Batting: LHB Carter Saddler 0-0: Called Strike
0-1: Called Strike
0-2: Ball
1-2: SINGLE (Line Drive, 6MD, EV 100.0 MPH)
Joey Trinidad scores
Dawson Overton to third
Kayden Kartodirdjo to second
Batting: RHB Parker Benedetto 0-0: Called Strike
0-1: Ball
1-1: Foul Ball, location: 2F
1-2: Hit by Pitch
Dawson Overton scores
Kayden Kartodirdjo to third
Carter Saddler to second
Batting: RHB Jaime Klutts 0-0: Fly out, F9 (Flyball, 9, EV 89.4 MPH)
Pinch Hitting: RHB Brendan Cecil 0-0: Fly out, F8 (Line Drive, 8LD, EV 91.9 MPH)
Runner from 3rd tags up, SCORES, throw by CF
Batting: LHB Jakob Stewart 0-0: Called Strike
0-1: Foul Ball, location: 2F
0-2: Ball
1-2: Ball
2-2: Foul Ball, location: 2F
2-2: Ground out 3-1 (Groundball, 34, EV 106.2 MPH)
Bottom of the 8th over - 3 runs, 3 hits, 0 errors, 2 left on base; Woodstock HS 8 - Jefferson City HS 5
TOP OF THE 9TH
Woodstock HS Woodpeckers batting - Pitching for Jefferson City HS Jaguars : LHP Ty Fiddler
Pitching: RHP Sharrod Hayes
Now at 3B: Kayden Kartodirdjo
Now at SS: Brendan Cecil
Batting: RHB Ty Dempsey 0-0: Ground out 5-3 (Groundball, 5L, EV 93.8 MPH)
Batting: RHB Jules Vaughn 0-0: Called Strike
0-1: Called Strike
0-2: DOUBLE (Flyball, 89XD, EV 95.0 MPH)
Batting: RHB Garrett Ross 0-0: Ball
1-0: SINGLE (Flyball, 78S, EV 90.6 MPH)
Jules Vaughn to third
Batting: LHB Steven Friend 0-0: Called Strike
0-1: Fly out, F9 (Line Drive, 9, EV 93.1 MPH)
Runner from 3rd tags up, SCORES, throw by RF
Batting: RHB Moses Everhart 0-0: Foul Ball, location: 2F
0-1: Fly out, F8 (Line Drive, 78D, EV 87.5 MPH)
Top of the 9th over - 1 run, 2 hits, 0 errors, 1 left on base; Woodstock HS 9 - Jefferson City HS 5
BOTTOM OF THE 9TH
Jefferson City HS Jaguars batting - Pitching for Woodstock HS Woodpeckers : RHP Parker Larson
Pitching: LHP Dominick McCarthy
Batting: RHB E.J. Compton 0-0: Ball
1-0: Ball
2-0: Ball
3-0: Base on Balls
Batting: LHB Joey Trinidad 0-0: Called Strike
0-1: Ball
1-1: Ball
2-1: Ball
3-1: SINGLE (Groundball, 4MD, EV 106.2 MPH)
E.J. Compton to second
Batting: RHB Dawson Overton 0-0: Called Strike
0-1: Foul Ball, location: 2F
0-2: Ball
1-2: Foul Ball, location: 2F
1-2: Foul Ball, location: 2F
1-2: Strikes out swinging
Batting: SHB Kayden Kartodirdjo 0-0: Called Strike
0-1: Ball
1-1: Swinging Strike
1-2: Ball
2-2: Foul Ball, location: 2F
2-2: Ball
3-2: Foul Ball, location: 2F
3-2: Strikes out swinging
Pinch Hitting: RHB Johnathan Applewhite 0-0: Called Strike
0-1: Ball
1-1: Ball
2-1: Ball
3-1: Base on Balls
E.J. Compton to third
Joey Trinidad to second
Batting: RHB Parker Benedetto 0-0: Ball
1-0: Ground out 1-3 (Groundball, 34S, EV 75.6 MPH)
Bottom of the 9th over - 0 runs, 1 hit, 0 errors, 3 left on base; Woodstock HS 9 - Jefferson City HS 5
Thursday, April 25th , 2024 - OOTP Baseball 23.10 Build 110